 Dungeon Crawl Stone Soup version 0.20-a0-73-g65ed1cb (webtiles) character file.

239 KristoblXynda the Slasher (level 5, 0/38 HPs)
             Began as a Vampire Gladiator on Nov 18, 2016.
             Succumbed to an adder's poison
             ... on level 3 of the Dungeon.
             The game lasted 00:08:07 (5825 turns).

KristoblXynda the Slasher (Vampire Gladiator)       Turns: 5825, Time: 00:08:08

Health: 0/38       AC:  0    Str: 14    XL:     5   Next: 79%
Magic:  3/5        EV: 21    Int: 12    God:
Gold:   94         SH:  0    Dex: 19    Spells: 0 memorised, 4 levels left

rFire  . . .     SeeInvis +     (weapon currently unavailable)
rCold  . . .     Gourm    .     (armour currently unavailable)
rNeg   + . .     Faith    .     (shield currently unavailable)
rPois  .         Spirit   .     (helmet currently unavailable)
rElec  .         Reflect  .     (cloak currently unavailable)
rCorr  .         Harm     .     (gloves currently unavailable)
MR     .....                    (boots currently unavailable)
Stlth  +++++.....               (no amulet)
                                (ring currently unavailable)
                                (ring currently unavailable)

@: lethally poisoned (0 -> -9), bat-form, flying, very quick
A: fangs 3, see invisible, (unbreathing)
a: End Transformation


You were on level 3 of the Dungeon.
You were not thirsty.
You were in vampire-bat-form.
You visited 1 branch of the dungeon, and saw 3 of its levels.

You collected 94 gold pieces.

Inventory:

Hand Weapons
 a - a +0 long sword (melded)
Missiles
 d - 3 throwing nets (quivered)
Armour
 c - a +0 helmet (melded)
 g - a +0 leather armour (melded)
Jewellery
 j - a ring of protection from magic (melded)
 m - a ring of stealth (melded)
Wands
 k - a wand of acid (4/15)
Scrolls
 b - a scroll of teleportation
 f - a scroll of identify
 n - a scroll of remove curse
Potions
 e - 10 potions of blood
 h - a potion of agility
 i - a potion of haste
Books
 l - a book of Conjurations

   Spells                             Type                      Level
   a - Magic Dart                     Conjuration                  1
   b - Searing Ray                    Conjuration                  2
   c - Dazzling Spray                 Conjuration/Hexes            3
   d - Fulminant Prism                Conjuration/Hexes            4
   e - Iskenderun's Mystic Blast      Conjuration                  4
   f - Iskenderun's Battlesphere      Conjuration/Charms           5


   Skills:
 - Level 2.1 Fighting
 + Level 4.7 Long Blades
 - Level 2.1 Throwing
 + Level 2.2 Armour
 - Level 3.2 Dodging
 + Level 3.2 Stealth


You had 4 spell levels left.
You didn't know any spells.

Dungeon Overview and Level Annotations

Branches:
Dungeon (3/15)

Altars:
Elyvilon
Trog

Annotations:
D:3 KristoblXynda's ghost, amateur DrAM


Innate Abilities, Weirdness & Mutations

You have razor-sharp teeth.
You have supernaturally acute eyesight. (SInv)
((You can survive without breathing.))


Message History

You feel sick.
You turn into a vampire bat.
Your +0 long sword melds into your body.
Your +0 helmet melds into your body.
Your +0 leather armour melds into your body.
Your ring of protection from magic melds into your body.
Your ring of stealth melds into your body.
* * * LOW HITPOINT WARNING * * *
You feel sick. The adder completely misses you.
* * * LOW HITPOINT WARNING * * *
You feel sick.
* * * LOW HITPOINT WARNING * * *
You feel sick.
* * * LOW HITPOINT WARNING * * *
You feel sick.
* * * LOW HITPOINT WARNING * * *
You feel sick.
* * * LOW HITPOINT WARNING * * *
You feel sick.
You die...

#.......## #...W...##.##.##..
.........####.......##.......W
.........'.............>......
.........####.....#######.#...
#.......## ##..S.# # #
##.....## ###.## ##...## #.#
##'## #.# #.# #b# #
#.######### #.# ..##.........#
#.# #.#...######.# #.#
#......# #.# #.#
#>#...###..... ..# ..........#
### #.##..##### #. #..######.


You could see an adder.

Vanquished Creatures
  Ijyb (D:2)
  Terence (D:2)
  Robin (D:2)
  10 adders (D:2)
  3 worms
  A ball python (D:2)
  6 bats
  A giant cockroach (D:1)
  20 goblins
  14 hobgoblins
  4 jackals (D:3)
  5 kobolds
  A quokka (D:2)
  3 frilled lizards (D:2)
  8 rats
79 creatures vanquished.

Notes
Turn   | Place    | Note
-------+----------+-------------------------------------------
     0 | D:1      | KristoblXynda the Vampire Gladiator began the quest for the Orb.
     0 | D:1      | Reached XP level 1. HP: 16/16 MP: 1/1
   657 | D:1      | Reached XP level 2. HP: 20/22 MP: 2/2
  1309 | D:2      | Reached XP level 3. HP: 14/27 MP: 3/3
  1579 | D:2      | Reached skill level 1 in Stealth
  1947 | D:2      | Found a white marble altar of Elyvilon.
  1961 | D:2      | Found a bloodstained altar of Trog.
  2004 | D:2      | Noticed Terence
  2559 | D:2      | HP: 1/27 [Terence/flail (6)]
  2769 | D:2      | Killed Terence
  2769 | D:2      | Reached skill level 4 in Long Blades
  2769 | D:2      | Reached XP level 4. HP: 9/33 MP: 4/4
  3253 | D:2      | Reached skill level 1 in Armour
  3628 | D:2      | Noticed Robin
  3658 | D:2      | Killed Robin
  3658 | D:2      | Reached XP level 5. HP: 12/38 MP: 5/5
  4626 | D:2      | Noticed Ijyb
  4639 | D:2      | Killed Ijyb
  5641 | D:3      | Noticed KristoblXynda's ghost (amateur DrAM)
  5791 | D:3      | Noticed a phantom
  5823 | D:3      | HP: 1/38 [poisoned by an adder]
  5825 | D:3      | Succumbed to an adder's poison

Vault maps used:
D:1:      dpeg_arrival_pits, bh_walls_and_bars
D:2:      wad_crossroads, nicolae_overflow_hidden_temple, minmay_octomino_e4,
          uniq_iyjb, uniq_robin, uniq_terence
D:3:      fedhas_altar_2

Skill      XL: |  1  2  3  4  5 |
---------------+----------------+-----
Fighting       | 2 |  2.1
Throwing       | 2 |  2.1
Stealth        | 2 3 |  3.2
Long Blades    | 4 |  4.7
Armour         | 1 2 |  2.2
Dodging        | |  3.2

Action                   |  1- 3 |  4- 6 || total
-------------------------+-------+-------++-------
Melee: Long sword        |   105 |   145 ||   250
       Bite              |     4 |    21 ||    25
Throw: Throwing net      |     2 |       ||     2
 Abil: Bat Form          |     2 |     2 ||     4
       End Transformatio |     2 |     1 ||     3
  Use: Potion            |     5 |     7 ||    12
       Scroll            |     1 |     4 ||     5
 Stab: Sleeping          |     2 |     2 ||     4
       Held in net/web   |     1 |       ||     1
       Distracted        |       |     1 ||     1
Armor: Leather armour    |    24 |    33 ||    57
Dodge: Dodged            |    75 |   131 ||   206
       Rpst.: Long sword |    27 |    41 ||    68
